 Dungeon Crawl Stone Soup version 0.25.1-2-g60ff931df9 (webtiles) character file.

Game seed: 4087100068542613893

716150 DildoBatman the Petrodigitator (level 27, 0/197 HPs)
             Began as a Formicid Wizard on Aug 17, 2020.
             Was an Initiate of Gozag.
             Slain by a white very ugly thing (17 damage)
             ... on level 18 of a ziggurat on Aug 18, 2020.
             The game lasted 06:18:00 (68874 turns).

DildoBatman the Petrodigitator (Formicid Wizard)   Turns: 68874, Time: 06:18:01

Health: 0/197      AC: 40    Str: 10 (16) XL:     27
Magic:  26/43      EV: 17    Int: 25 (29) God:    Gozag
Gold:   5478       SH: 27    Dex: 11 (16) Spells: 8/58 levels left

rFire    + . .     SeeInvis +   S - +8 lajatang of Forced Transition {flame, rN+ MR+ Dex+3}
rCold    + . .     Gourm    .   u - +8 tower shield {AC+3}
rNeg     + + +     Faith    .   o - +4 troll leather armour
rPois    ∞         Spirit   .   (helmet unavailable)
rElec    .         Reflect  .   t - +2 cloak
rCorr    +         Harm     .   I - +2 pair of gloves {archery}
MR       ++++.                  G - +2 pair of boots {Fly}
Stlth    ++++++++..             r - amulet "Fiefiuc" {Regen+ Dex+2 Slay+3}
HPRegen  1.22/turn              P - ring "Zishulue" {rF+ AC+4 SInv}
MPRegen  0.28/turn              s - ring of resist corrosion

@: icy armour, lich-form, gold aura, flying, very slightly contaminated,
studying Long Blades, silenced
A: permanent stasis, dig shafts and tunnels, four strong arms, antennae 3, thin
skeletal structure 1, camouflage 1, deformed body, shaggy fur 1, strong 1,
subdued magic 1, sturdy frame 1
}: 4/15 runes: decaying, silver, golden, gossamer
a: Dig, Shaft Self, End Transformation, Renounce Religion, Stop Flying


You were on level 18 of a ziggurat.
You worshipped Gozag.
Gozag was greatly pleased with you.
You were not hungry.
You were a lich.
You visited 10 branches of the dungeon, and saw 46 of its levels.
You visited the Abyss 1 time.
You visited 1 ziggurat, and saw 18 of its levels.
You also visited: Gauntlet, Ice Cave, Volcano and Desolation.

You collected 34665 gold pieces.
You spent 7298 gold pieces at shops.
You paid 21889 gold pieces to Gozag.

Inventory:

Hand Weapons
 b - the +2 hand crossbow "Ant's Bane" {elec, +Inv rPois Int+8 Dex-2}
   (You found it in the Desolation of Salt)

   It charges the ammunition it shoots with electricity; occasionally upon a
   hit, such missiles may discharge and cause terrible harm.
   It affects your intelligence (+8).
   It affects your dexterity (-2).
   It protects you from poison.
   It lets you turn invisible.
 d - the +7 Singing Sword {vorpal, sonic wave}
   (You took it off a deep elf archer on level 3 of the Elven Halls)

   It inflicts extra damage upon your enemies.
 e - the +10 morningstar "Eos" {elec, Halo rElec}
   (You found it on level 14 of a ziggurat)

   Occasionally, upon striking a foe, it will discharge some electrical energy
   and cause terrible harm.
   It insulates you from electricity.
 f - the +7 great mace "Firestarter" {inner flame, rF++}
   (You found it on level 7 of a ziggurat)

   It has been specially enchanted to burn those struck by it, causing extra
   injury to most foes and up to half again as much damage against particularly
   susceptible opponents.
   It greatly protects you from fire.
 E - the +7 lajatang of Order {silver, rMut}
   (You found it on level 13 of a ziggurat)

   It protects you from mutation.
 L - the +11 plutonium sword {*Contam Stlth-}
   (You found it on level 16 of a ziggurat)

   It causes magical contamination when unequipped.
   It makes you less stealthy.
 S - the +8 lajatang of Forced Transition (weapon) {flame, rN+ MR+ Dex+3}
   (You found it on level 14 of a ziggurat)

   It has been specially enchanted to burn those struck by it, causing extra
   injury to most foes and up to half again as much damage against particularly
   susceptible opponents.
   Big, fiery blades are also staple armaments of hydra-hunters.
   It affects your dexterity (+3).
   It protects you from negative energy.
   It affects your resistance to hostile enchantments.
 W - the +9 staff of Wucad Mu {channel}
   (You acquired it on level 3 of the Tomb of the Ancients)
Missiles
 c - 1533 bolts
 k - 35 silver javelins
 l - 4 throwing nets (quivered)
 Y - 1607 arrows
Armour
 g - a +0 tower shield of reflection
 o - a +4 troll leather armour (worn)
 t - a +2 cloak (worn)
 u - a +8 tower shield of protection (worn)
 w - a +0 pair of gloves of archery
 G - a +2 pair of boots of flying (worn)
 I - a +2 pair of gloves of archery (worn)
Magical Staves
 a - an uncursed staff of energy
Jewellery
 q - the ring of Ukhur {rN+ MR- Int+9 Dex+8}
   (You found it in a Gauntlet)

   [ring of positive energy]

   It affects your intelligence (+9).
   It affects your dexterity (+8).
   It protects you from negative energy.
   It affects your resistance to hostile enchantments.
 r - the amulet "Fiefiuc" (around neck) {Regen+ Dex+2 Slay+3}
   (You found it in the Desolation of Salt)

   [amulet of regeneration]

   It affects your dexterity (+2).
   It affects your accuracy and damage with ranged weapons and melee attacks
   (+3).
   It increases your rate of regeneration.
 s - a ring of resist corrosion (right hand)
 F - the ring "Xofau" {rElec MP+9 Int+4}
   (You found it on level 10 of a ziggurat)

   [ring of magical power]

   It affects your intelligence (+4).
   It insulates you from electricity.
   It affects your magic capacity (+9).
 P - the ring "Zishulue" (left hand) {rF+ AC+4 SInv}
   (You found it on level 3 of the Crypt)

   [ring of protection]

   It affects your AC (+4).
   It protects you from fire.
   It lets you see invisible.
 Q - the ring "Pyha" {rElec Str+6 Dex+6}
   (You found it on level 15 of a ziggurat)

   [ring of strength]

   It affects your strength (+6).
   It affects your dexterity (+6).
   It insulates you from electricity.
 V - the ring "Foaleneu" {rC+ Dex+6 Stlth+}
   (You found it on level 3 of the Tomb of the Ancients)

   [ring of dexterity]

   It affects your dexterity (+6).
   It protects you from cold.
   It makes you more stealthy.
Wands
 A - a wand of acid (36)
 C - a wand of iceblast (28)
 M - a wand of clouds (26)
 O - a wand of disintegration (48)
Scrolls
 j - 7 scrolls of fog
 m - a scroll of torment
 p - 6 scrolls of immolation
 x - 26 scrolls of remove curse
 z - 26 scrolls of identify
 K - 12 scrolls of amnesia
 Z - 2 scrolls of summoning
Potions
 i - 6 potions of invisibility
 n - 11 potions of brilliance
 y - 5 potions of ambrosia
 B - 16 potions of curing
 D - a potion of mutation
 R - 3 potions of resistance
 T - 6 potions of might
 U - 12 potions of cancellation
Books
 X - a manual of Long Blades
Miscellaneous
 h - 10 phantom mirrors
 H - a phial of floods
 J - 5 boxes of beasts
 N - a lightning rod (4/4)
Comestibles
 v - 39 rations


   Skills:
 - Level 12.0 Fighting
   Level 12.7(14.5) Short Blades
 * Level 12.1(14.2) Long Blades
   Level 11.9 Axes
 - Level 12.0 Armour
 - Level 10.0 Dodging
 - Level 17.0 Stealth
 - Level 18.0 Shields
 - Level 16.0 Spellcasting
 - Level 6.0 Conjurations
 - Level 6.0 Charms
 - Level 12.0 Summonings
 - Level 22.5 Necromancy
 - Level 0.8 Translocations
 - Level 19.0 Transmutations
 - Level 5.0 Fire Magic
 - Level 6.0 Ice Magic
 - Level 5.0 Air Magic
 O Level 27 Earth Magic
 - Level 15.0 Evocations


You had 8 spell levels left.
You knew the following spells:

 Your Spells              Type           Power        Failure   Level  Hunger
a - Borgnjor's Vile Clut  Necr/Erth      ########..   0%          5    N/A
b - Shatter               Erth           #######...   3%          9    N/A
c - Bolt of Magma         Conj/Fire/Erth ######....   1%          5    N/A
d - Necromutation         Tmut/Necr      #######...   2%          8    N/A
e - Tornado               Air            ####......   100%        9    N/A
g - Shroud of Golubria    Chrm/Tloc      ####..       1%          2    N/A
h - Dispel Undead         Necr           ########     0%          4    N/A
i - Aura of Abjuration    Summ           ######....   1%          5    N/A
z - Ozocubu's Armour      Chrm/Ice       #####...     1%          3    N/A

Your spell library contained the following spells:

 Spells                   Type           Power        Failure   Level  Hunger
 Animate Skeleton         Necr           N/A          0%          1    N/A
 Beastly Appendage        Tmut           ######       0%          1    N/A
 Pain                     Necr           ####         0%          1    N/A
 Sandblast                Erth           ######       0%          1    N/A
 Summon Butterflies       Summ           ######..     0%          1    N/A
 Summon Small Mammal      Summ           ####         0%          1    N/A
 Call Imp                 Summ           ######..     0%          2    N/A
 Corpse Rot               Necr/Air       N/A          0%          2    N/A
 Passwall                 Tmut/Erth      #######.     0%          2    N/A
 Sticks to Snakes         Tmut           ######..     0%          2    N/A
 Sublimation of Blood     Necr           ########..   0%          2    N/A
 Stone Arrow              Conj/Erth      ######       0%          3    N/A
 Vampiric Draining        Necr           ########..   0%          3    N/A
 Animate Dead             Necr           N/A          0%          4    N/A
 Petrify                  Tmut/Erth      #######.     0%          4    N/A
 Agony                    Necr           ########     0%          5    N/A
 Blade Hands              Tmut           ######....   0%          5    N/A
 Lee's Rapid Deconstruct  Erth           #######...   0%          5    N/A
 Statue Form              Tmut/Erth      #######..    0%          6    N/A
 Apportation              Tloc           ###...       1%          1    N/A
 Corona                   Hex            ###....      1%          1    N/A
 Foxfire                  Conj/Fire      ####         1%          1    N/A
 Freeze                   Ice            ####         1%          1    N/A
 Infusion                 Chrm           ####         1%          1    N/A
 Magic Dart               Conj           ####         1%          1    N/A
 Shock                    Conj/Air       ####         1%          1    N/A
 Sting                    Tmut/Pois      ####         1%          1    N/A
 Ensorcelled Hibernation  Hex/Ice        ####..       1%          2    N/A
 Poisonous Vapours        Pois/Air       ####..       1%          2    N/A
 Searing Ray              Conj           #####.       1%          2    N/A
 Song of Slaying          Chrm           #####...     1%          2    N/A
 Conjure Flame            Conj/Fire      #####...     1%          3    N/A
 Dazzling Flash           Conj/Hex       ####..       1%          3    N/A
 Frozen Ramparts          Ice            #####.       1%          3    N/A
 Ignite Poison            Fire/Tmut/Pois #####...     1%          3    N/A
 Mephitic Cloud           Conj/Pois/Air  ####....     1%          3    N/A
 Recall                   Summ/Tloc      N/A          1%          3    N/A
 Spectral Weapon          Hex/Chrm       ####....     1%          3    N/A
 Spider Form              Tmut/Pois      ######....   1%          3    N/A
 Static Discharge         Conj/Air       #####...     1%          3    N/A
 Ice Form                 Ice/Tmut       ######..     1%          4    N/A
 Leda's Liquefaction      Hex/Erth       ######....   1%          4    N/A
 Sticky Flame             Conj/Fire      #####...     1%          4    N/A
 Summon Lightning Spire   Summ/Air       #####...     1%          4    N/A
 Alistair's Intoxication  Tmut/Pois      ######..     1%          5    N/A
 Excruciating Wounds      Chrm/Necr      #######...   1%          5    N/A
 Irradiate                Conj/Tmut      ######....   1%          5    N/A
 Summon Demon             Summ           ######....   1%          5    N/A
 Yara's Violent Unravell  Hex/Tmut       ######....   1%          5    N/A
 Death Channel            Necr           ########..   1%          6    N/A
 Hydra Form               Tmut           ######....   1%          6    N/A
 Iron Shot                Conj/Erth      ######....   1%          6    N/A
 Simulacrum               Ice/Necr       #######...   1%          6    N/A
 Dragon Form              Tmut           ######....   1%          7    N/A
 Haunt                    Necr/Summ      #######...   1%          7    N/A
 Borgnjor's Revivificati  Necr           ########..   1%          8    N/A
 Infestation              Necr           ########..   1%          8    N/A
 Inner Flame              Hex/Fire       ####....     2%          3    N/A
 Shadow Creatures         Summ           N/A          2%          6    N/A
 Slow                     Hex            ###.....     3%          2    N/A
 Gell's Gravitas          Tloc           ###.......   4%          3    N/A
 Lesser Beckoning         Tloc           ###.......   4%          3    N/A
 Teleport Other           Tloc           ###.....     4%          3    N/A
 Iskenderun's Battlesphe  Conj/Chrm      #####...     4%          5    N/A
 Summon Forest            Summ/Tloc      #####.....   4%          5    N/A
 Summon Mana Viper        Hex/Summ       #####...     4%          5    N/A
 Portal Projectile        Hex/Tloc       ###...       5%          3    N/A
 Iskenderun's Mystic Bla  Conj/Tloc      ####....     5%          4    N/A
 Fulminant Prism          Conj/Hex       ####......   6%          4    N/A
 Fireball                 Conj/Fire      #####.....   6%          5    N/A
 Confusing Touch          Hex            ###.....     7%          3    N/A
 Tukima's Dance           Hex            ###.....     7%          3    N/A
 Eringya's Noxious Bog    Tmut/Pois      ######....   7%          6    N/A
 Monstrous Menagerie      Summ           ######....   14%         7    N/A
 Summon Greater Demon     Summ           ######....   14%         7    N/A
 Passage of Golubria      Tloc           N/A          16%         4    N/A
 Lehudib's Crystal Spear  Conj/Erth      ######....   17%         8    N/A
 Metabolic Englaciation   Hex/Ice        ####......   19%         5    N/A
 Cause Fear               Hex            ###.......   22%         4    N/A
 Olgreb's Toxic Radiance  Pois           ###.....     22%         4    N/A
 Silence                  Hex/Air        ####......   22%         5    N/A
 Ozocubu's Refrigeration  Ice            #####.....   30%         6    N/A
 Freezing Cloud           Conj/Ice/Air   #####.....   34%         6    N/A
 Conjure Ball Lightning   Conj/Air       #####.....   36%         6    N/A
 Starburst                Conj/Fire      #####.....   36%         6    N/A
 Death's Door             Chrm/Necr      #######...   41%         8    N/A
 Spellforged Servitor     Conj/Summ      ######....   45%         7    N/A
 Summon Horrible Things   Summ           ######....   75%         8    N/A
 Malign Gateway           Summ/Tloc      #####.....   83%         7    N/A
 Orb of Destruction       Conj           #####.....   87%         7    N/A
 Ring of Flames           Chrm/Fire      #####.....   92%         7    N/A
 Dispersal                Tloc           ###.......   95%         6    N/A
 Darkness                 Hex            ###.......   98%         6    N/A
 Invisibility             Hex            ###.....     98%         6    N/A
 Chain Lightning          Conj/Air       #####.....   100%        8    N/A
 Disjunction              Tloc           ###.......   100%        8    N/A
 Ignition                 Fire           ####......   100%        8    N/A
 Absolute Zero            Ice            #####.....   100%        9    N/A
 Dragon's Call            Summ           ######....   100%        9    N/A
 Fire Storm               Conj/Fire      #####.....   100%        9    N/A
 Swiftness                Chrm/Air       Unusable     N/A         2    N/A
 Blink                    Tloc           Unusable     N/A         2    N/A
 Controlled Blink         Tloc           Unusable     N/A         8    N/A

Dungeon Overview and Level Annotations

Branches:
Dungeon (15/15)            Temple (1/1) D:5            Lair (6/6) D:9
  Swamp (4/4) Lair:3       Spider (4/4) Lair:2        Slime (0/5) Lair:5
    Orc (2/2) D:10            Elf (3/3) Orc:2        Vaults (5/5) D:14
  Crypt (3/3) Vaults:3       Tomb (3/3) Crypt:3      Depths (0/5) D:15
  IceCv (visited)         Volcano (visited)         Desolation (visited)
Gauntlet (visited)

Altars:
Ashenzari
Cheibriados
Dithmenos
Elyvilon
Fedhas
Gozag
Hepliaklqana
Kikubaaqudgha
Makhleb
Nemelex Xobeh
Okawaru
Qazlal
Ru
Sif Muna
Trog
Uskayaw
Vehumet
Wu Jian
Xom
Yredelemnul
Zin
The Shining One
Beogh

Shops:
D:10 %   D:12 }[=   Orc:2 }=*[   Elf:2 }=}   Vaults:1 =   Vaults:2 !
Tomb:3 ?[[[*![!


Innate Abilities, Weirdness & Mutations

You cannot be hasted, slowed, berserked, paralysed or teleported.
You can dig through walls and to a lower floor.
Your four strong arms can wield two-handed weapons with a shield.
You have a pair of large antennae on your head. (SInv)
You have a somewhat thin skeletal structure. (Dex +2, Stealth)
Your skin changes colour to match your surroundings (Stealth+).
Armour fits poorly on your strangely shaped body.
You are covered in fur. (AC +1)
Your muscles are strong. (Str +2)
Your spells are a little easier to cast, but a little less powerful.
Your movements are slightly less encumbered by armour. (ER -2)


Message History

Aiming: Corrosive Bolt
Press: ? - help, Shift-Dir - straight line, f - Ussits, p - Poamashu
Aim: Ussits (freezing vapour, silenced, almost dead, covered in acid)
The bolt of acid hits Ussits!!
Ussits is splashed with acid.
You kill Ussits!
You feel your intelligence returning.
Your base Long Blades skill increases to level 12!
The hell beast is engulfed in freezing vapours.
You block the hell beast's attack. x2
Poamashu is engulfed in acidic fog.
Poamashu is splashed with acid.
Poamashu seems to be corroded for longer.
Poamashu gestures.
The white very ugly thing is engulfed in freezing vapours.
The white very ugly thing punches you! The white very ugly thing freezes you!
You resist.
You die...
Your body crumbles into a pile of gold.

▓ ..▓▓ ..§§▓ ..§§§▓
..§§§§▓ ....§§u▓▓
...........#{#.uL▓▓
...........&.u§u&2▓
...........§§#u§p§▓▓
............§§§§2§§▓
...........§§§§§§§§▓
..........&§§§§§§§§▓
...............$...▓
...................▓▓
.....&........*.3∩..▓


You could see Bohafieli, Lurietoe, Poamashu (silencing, corroded), a Killer
Klown (corroded), 2 very ugly things, a hell beast (summoned, corroded), 3 ugly
things and a tormentor (summoned).

Vanquished Creatures
  14 pandemonium lords
  Khufu (Crypt:3)
  Mennas (Tomb:3)
  36 greater mummies
  Frederick (Vaults:1)
  9 Killer Klowns
  A caustic shrike (shapeshifter) (Zig:16)
  A golden dragon (Zig:14)
  3 pearl dragons (Zig:11)
  2 bone dragons
  A Tzitzimitl (Zig:12)
  2 Brimstone Fiends (Zig:12)
  10 liches
  Rupert (Lair:5)
  An Ice Fiend (Zig:12)
  4 tentacled monstrosities (Vaults:5)
  A quicksilver dragon (shapeshifter) (Zig:16)
  3 titans (Vaults:5)
  2 deep elf master archers (Elf:3)
  Asterion (Spider:2)
  3 deep elf blademasters (Elf:3)
  14 acid blobs
  2 Executioners (Zig:12)
  11 ancient champions
  4 tentacled starspawn
  3 quicksilver dragons (Zig:14)
  8 sphinxes
  Frances (Spider:1)
  6 shadow dragons
  2 thorn hunters
  Gastronok (D:10)
  4 storm dragons
  Donald (Spider:1)
  A draconian monk (Zig:3)
  7 tengu reavers
  Roxanne (D:15)
  3 azure jellies
  4 fire giants
  9 revenants
  11 vault wardens
  A fire giant (shapeshifter) (Zig:16)
  An imperial myrmidon (Desolation)
  2 frost giants
  2 balrugs
  An iron dragon (Vaults:5)
  A daeva (Zig:11)
  6 ghost moths
  9 deep elf sorcerers
  A draconian knight (Vaults:1)
  3 warmongers (Zig:12)
  5 deep elf elementalists (Elf:3)
  A draconian annihilator (Zig:3)
  3 curse skulls
  8 emperor scorpions
  13 ironheart preservers
  11 ghouls
  2 ophanim (Zig:11)
  A reaper (Zig:12)
  A stone giant (shapeshifter) (Zig:16)
  5 angels
  A spriggan defender (Vaults:1)
  2 apis (Zig:11)
  The ghost of Thalamas the Severer, a journeyman MiBe of Trog (Lair:5)
  The ghost of Mumum the Arsonist, a journeyman DrFE of Vehumet (Lair:5)
  13 very ugly things
  6 entropy weavers
  12 stone giants
  6 vampire knights
  10 deep elf annihilators
  9 deep elf demonologists
  The ghost of sm0rk the Spear-Bearer, a journeyman MfAK of Lugonu (Lair:5)
  4 spark wasps
  A dire elephant (D:15)
  10 bennus
  A halazid warlock (Desolation)
  A minotaur (Gauntlet)
  2 lorocyprocas
  A purple draconian (Zig:3)
  Snorg (D:10)
  A blizzard demon (IceCv)
  6 ettins
  10 deep elf death magi
  3 eidola
  A merfolk javelineer (Zig:7)
  A green death (Zig:12)
  12 jiangshi
  5 crystal guardians
  37 mummy priests
  Josephine (Orc:1)
  4 fire dragons
  9 ragged hierophants (Desolation)
  11 deep elf high priests
  3 death oozes (Zig:17)
  11 yaktaur captains
  26 vault guards
  12 ogre magi
  A merfolk impaler (Zig:7)
  3 great orbs of eyes
  7 peacekeepers (Desolation)
  Harold (D:9)
  27 hydras
  A shambling mangrove (Swamp:2)
  2 ice dragons (Zig:14)
  A hell beast (Zig:12)
  A naga warrior (Abyss:3)
  4 servants of whispers (Desolation)
  An alligator snapping turtle (Zig:2)
  9 centaur warriors
  4 catoblepae
  5 ghost crabs
  3 merfolk aquamancers (Zig:7)
  36 two-headed ogres
  12 death knights
  2 satyrs (shapeshifter)
  A queen ant (Spider:1)
  A death yak (shapeshifter) (Vaults:4)
  6 hell hogs (Abyss:3)
  5 vampire magi
  A tengu warrior (D:15)
  21 death scarabs
  10 alligators
  8 orc high priests
  A deep troll shaman (Vaults:1)
  4 thrashing horrors
  A titan zombie (Crypt:1)
  A shock serpent (shapeshifter) (Vaults:3)
  A sixfirhy (Zig:12)
  2 sun demons
  A storm dragon zombie (Vaults:4)
  2 titan skeletons
  2 wretched stars
  22 deep elf knights
  An iron troll (shapeshifter) (Zig:18)
  53 skeletal warriors
  A fire crab (shapeshifter) (D:15)
  20 shadow wraiths
  3 spectral hydras
  2 death drakes
  9 flayed ghosts
  3 spatial maelstroms (Zig:13)
  3 storm dragon skeletons
  A shadow demon (Zig:8)
  4 spriggan druids
  4 cherubim (Zig:11)
  An unseen horror (D:13)
  A sea snake (Zig:7)
  An anaconda zombie (Crypt:1)
  9 swamp dragons
  A sea snake (shapeshifter) (Abyss:3)
  A shadow dragon zombie (Tomb:1)
  3 glowing orange brains
  3 wizards
  A spectral iron dragon (Crypt:3)
  A lindwurm (Lair:5)
  8 necromancers
  A spectral wolf spider (Crypt:3)
  14 orc knights
  A glowing orange brain (shapeshifter) (Vaults:1)
  4 deep trolls (Vaults:1)
  A mana viper (shapeshifter) (Zig:16)
  3 obsidian statues
  A golden dragon skeleton (Tomb:3)
  A lindwurm (shapeshifter) (Vaults:5)
  3 orange crystal statues
  19 deep elf archers
  21 ironbrand convokers
  An anaconda skeleton (Crypt:2)
  26 phantasmal warriors
  A mana viper (Abyss:3)
  10 harpies
  A wolf spider zombie (Crypt:1)
  An iron dragon zombie (Crypt:3)
  20 orb spiders
  A manticore (shapeshifter) (Vaults:2)
  28 oklob plants
  36 wolf spiders
  6 shining eyes
  2 orc sorcerers
  38 ugly things
  74 deep elf magi
  6 manticores
  A shining eye (shapeshifter) (Zig:16)
  A salamander (shapeshifter) (Vaults:1)
  3 moths of wrath
  3 fire giant skeletons
  4 ice statues
  4 cyclopes
  A salamander (D:15)
  A frost giant zombie (Vaults:4)
  A guardian serpent (shapeshifter) (Vaults:1)
  A worldbinder (Abyss:3)
  5 guardian serpents
  8 centaur zombies
  A rust devil (Zig:13)
  A merfolk siren (Zig:2)
  Maurice (D:13)
  4 gargoyles
  8 apocalypse crabs
  11 black mambas
  A stone giant skeleton (Crypt:3)
  8 vault sentinels
  5 eyes of devastation
  2 water nymphs (Zig:7)
  A torpor snail (Gauntlet)
  A smoke demon (Abyss:3)
  2 swamp worm zombies (Swamp:4)
  A storm dragon simulacrum (Tomb:2)
  A yellow draconian zombie (Crypt:3)
  An orange demon (Abyss:3)
  A spiny frog (shapeshifter) (Vaults:3)
  32 spiny frogs
  3 death yak zombies
  2 molten gargoyles
  A redback zombie (Crypt:2)
  2 kobold demonologists (D:11)
  28 freezing wraiths
  13 komodo dragons
  10 demonic crawlers
  4 rime drakes
  14 ice devils (IceCv)
  An efreet (Zig:13)
  47 yaktaurs
  A yellow draconian skeleton (Crypt:2)
  A tormentor (Zig:13)
  70 guardian mummies
  12 trolls
  A tengu conjurer (D:12)
  5 polar bears
  A harpy zombie (Tomb:2)
  8 merfolk (Zig:7)
  A tengu simulacrum (Zig:13)
  9 meliai
  A troll (shapeshifter) (D:12)
  25 jumping spiders
  11 tyrant leeches
  A wind drake (Zig:14)
  4 hydra zombies
  A sphinx simulacrum (Zig:13)
  60 saltlings (Desolation)
  A shadow dragon simulacrum (Crypt:3)
  A tarantella zombie (Crypt:3)
  9 hippogriffs
  5 raiju
  An ice dragon zombie (Crypt:2)
  11 blink frogs
  43 slime creatures
  10 bog bodies
  6 alligator zombies (Swamp:4)
  21 hornets
  4 spectral swamp dragons (Swamp:4)
  A hydra skeleton (Lair:4)
  A fire giant simulacrum (Crypt:3)
  A fire dragon zombie (Tomb:3)
  A dream sheep (shapeshifter) (Zig:4)
  40 flying skulls
  A human simulacrum (Vaults:2)
  2 harpy skeletons
  A hippogriff (shapeshifter) (Elf:2)
  A shock serpent simulacrum (Abyss:3)
  85 redbacks
  An alligator skeleton (Volcano)
  31 tarantellas
  14 large abominations
  A vampire (D:13)
  Sigmund (D:6)
  4 spriggans
  A spriggan (shapeshifter) (Vaults:5)
  16 yaks
  11 shadows
  4 water elementals
  24 starcursed masses (Abyss:3)
  29 ushabtiu
  3 ettin skeletons
  2 ynoxinuls (Abyss:3)
  2 air elementals (Elf:3)
  2 black mamba skeletons (Lair:2)
  26 wraiths
  14 wyverns
  18 humans (D:14)
  A tyrant leech zombie (Crypt:1)
  3 basilisks
  2 golden eyes (Zig:17)
  2 fire elementals
  2 steam dragons (Zig:14)
  A fire bat (Zig:13)
  15 vampire mosquitoes
  12 hungry ghosts
  3 neqoxecs
  15 wargs
  9 chaos spawn
  19 swamp worms
  14 insubstantial wisps
  A naga (Abyss:3)
  7 acid dragons
  A faun zombie (Crypt:3)
  17 water moccasins
  A soldier ant (shapeshifter) (Zig:13)
  18 soldier ants (Spider:1)
  A floating eye (Zig:17)
  14 porcupines
  6 swamp drakes
  A floating eye (shapeshifter) (Vaults:5)
  31 orc warriors
  A hornet zombie (Crypt:2)
  12 ice beasts
  7 sky beasts
  A black bear (shapeshifter) (Vaults:2)
  9 eyes of draining
  2 spiny frog skeletons (Lair:2)
  2 black bears
  7 phantoms
  A blink frog zombie (Lair:5)
  An alligator simulacrum (Tomb:3)
  4 lindwurm zombies (Volcano)
  38 ogres
  7 swamp dragon zombies
  4 small abominations
  8 boggarts (Vaults:1)
  An elephant zombie (Lair:5)
  5 necrophages
  32 wolves
  9 centaurs
  A blink frog skeleton (Crypt:2)
  13 crocodiles
  4 lindwurm skeletons (Volcano)
  2 rime drake zombies (Lair:5)
  A big kobold (D:12)
  19 bullfrogs
  4 salamander zombies (Volcano)
  2 elf zombies
  3 salamander skeletons (Volcano)
  5 earth elementals
  A hippogriff skeleton (Lair:2)
  3 elf skeletons (D:7)
  A wyvern zombie (D:14)
  A komodo dragon skeleton (Lair:4)
  A water moccasin zombie (Lair:5)
  7 scorpions
  4 water moccasin skeletons
  3 troll zombies (D:10)
  18 wights
  6 killer bees (D:8)
  A polar bear skeleton (Lair:2)
  2 troll skeletons (Volcano)
  A raiju skeleton (Crypt:1)
  2 spriggan skeletons (Crypt:1)
  5 howler monkeys
  A yak skeleton (Lair:2)
  2 electric eels
  7 crimson imps
  4 bullfrog zombies
  4 quasits
  A wyvern simulacrum (D:13)
  2 gnoll shamans
  A lava snake (Lair:3)
  6 hounds
  7 jellies
  39 orc priests
  5 bullfrog skeletons
  A human zombie (Crypt:2)
  A black bear zombie (Lair:5)
  22 orc wizards
  3 centaur skeletons
  3 basilisk skeletons
  3 human skeletons
  2 porcupine zombies (Lair:5)
  Natasha (thrice) (D:2)
  An iguana (D:13)
  34 worker ants
  2 spectral swamp drakes (Swamp:4)
  2 killer bee zombies (Crypt:3)
  A tengu zombie (Crypt:3)
  5 ogre zombies (D:10)
  A naga skeleton (Volcano)
  A big kobold skeleton (Crypt:2)
  A demigod skeleton (Crypt:1)
  A hound zombie (D:9)
  2 hound skeletons
  84 mummies
  3 worker ant zombies
  22 adders
  16 gnolls
  2 shadow imps
  8 white imps
  13 ufetubi
  An adder skeleton (D:10)
  An adder zombie (D:6)
  4 worms
  4 dart slugs
  8 leopard geckos
  95 orcs
  A bat skeleton (Crypt:2)
  5 giant cockroaches
  7 hobgoblins
  16 jackals
  A quokka (D:2)
  A ball python (D:3)
  11 bats
  3 frilled lizards
  6 goblins
  A goblin skeleton (D:10)
  4 goblin zombies (D:10)
  A hobgoblin skeleton (D:10)
  4 hobgoblin zombies (D:10)
  2 jackal zombies
  11 kobolds
  7 orc skeletons
  13 orc zombies (D:10)
  15 rats
  A butterfly (D:5)
  8 fungi
  19 plants
  A starspawn tentacle (Abyss:3)
3094 creatures vanquished.

Vanquished Creatures (collateral kills)
  An orb spider (Spider:2)
  A jumping spider (Lair:2)
  2 redbacks
4 creatures vanquished.

Vanquished Creatures (others)
  Nikola (Vaults:2)
  An eldritch tentacle (Zig:18)
  A deep elf sorcerer (Elf:3)
  A deep elf elementalist (Elf:3)
  A very ugly thing (Zig:8)
  A peacekeeper (Desolation)
  19 dancing weapons
  A deep elf knight (Elf:2)
  A deep elf mage (Vaults:3)
  An ugly thing (Abyss:3)
  A black mamba (Lair:6)
  A tyrant leech (Swamp:4)
  A wyvern (Zig:14)
  2 redbacks (Spider:2)
  An insubstantial wisp (Swamp:4)
  A small abomination (Abyss:3)
  2 ogres
  2 lindwurm skeletons (Volcano)
  A crocodile (Lair:3)
  A salamander skeleton (Volcano)
  An orc priest (D:9)
  4 ufetubi (IceCv)
  A jackal (D:10)
  A bush (Lair:2)
  23 fungi
  2 lurking horrors (Abyss:3)
  37 plants
  7 starspawn tentacles (Abyss:3)
  3 withered plants (Lair:5)
120 creatures vanquished.

Grand Total: 3218 creatures vanquished

Notes
Turn   | Place    | Note
-------+----------+-------------------------------------------
     0 | D:1      | DildoBatman the Formicid Wizard began the quest for the
                  | Orb.
     0 | D:1      | Reached XP level 1. HP: 13/13 MP: 4/4
    62 | D:1      | Reached skill level 1 in Conjurations
   322 | D:1      | Reached XP level 2. HP: 17/19 MP: 0/6
   542 | D:1      | Reached XP level 3. HP: 4/24 MP: 0/7
   547 | D:1      | Learned a level 3 spell: Conjure Flame
   551 | D:1      | Learned a level 3 spell: Mephitic Cloud
   885 | D:1      | Found an iron altar of Okawaru.
  1767 | D:2      | Reached XP level 4. HP: 30/30 MP: 4/8
  1776 | D:2      | Found a shimmering blue altar of Sif Muna.
  1795 | D:2      | Reached XP level 5. HP: 35/35 MP: 1/9
  1957 | D:2      | Found a transporter.
  1962 | D:2      | Found a transporter.
  1978 | D:2      | Noticed a centaur
  1982 | D:2      | Found an opulent altar of Gozag.
  2575 | D:3      | Noticed Natasha
  2986 | D:3      | Found a basalt altar of Yredelemnul.
  3015 | D:3      | Noticed a sky beast
  3052 | D:3      | Found an ornate altar of the Wu Jian Council.
  3053 | D:3      | Found a shimmering altar of Xom.
  3386 | D:3      | Found a white marble altar of Elyvilon.
  3530 | D:3      | Reached XP level 6. HP: 41/41 MP: 8/10
  3598 | D:3      | Reached skill level 5 in Conjurations
  4216 | D:4      | Found an ancient bone altar of Kikubaaqudgha.
  4224 | D:4      | Became a worshipper of Kikubaaqudgha
  4249 | D:4      | Noticed an ogre
  4308 | D:3      | Killed a sky beast
  4308 | D:3      | Reached skill level 1 in Fire Magic
  4308 | D:3      | Reached skill level 1 in Air Magic
  4308 | D:3      | Reached XP level 7. HP: 37/46 MP: 6/11
  4390 | D:2      | Killed Natasha
  4400 | D:2      | Noticed Natasha
  4405 | D:2      | Killed Natasha
  4489 | D:2      | Noticed Natasha
  4493 | D:2      | Killed Natasha
  5023 | D:5      | Entered Level 5 of the Dungeon
  5376 | D:5      | Reached XP level 8. HP: 40/52 MP: 8/12
  5532 | D:5      | Found a staircase to the Ecumenical Temple.
  5570 | Temple   | Entered the Ecumenical Temple
  5813 | D:5      | Reached * piety under Kikubaaqudgha
  5813 | D:5      | Identified Kikubaaqudgha's Catalogue of Darkness
                  | (Kikubaaqudgha gifted it to you on level 5 of the Dungeon)
  5813 | D:5      | Received a gift from Kikubaaqudgha
  6230 | D:6      | Reached skill level 5 in Fire Magic
  6369 | D:6      | Noticed Sigmund
  6496 | D:6      | Killed Sigmund
  6615 | D:6      | Identified the Catalogue of Floating Sinister Arts
  6622 | D:6      | Learned a level 4 spell: Dispel Undead
  6655 | D:6      | Reached XP level 9. HP: 41/57 MP: 3/15
  6801 | D:6      | Reached skill level 1 in Necromancy
  6847 | D:6      | Reached ** piety under Kikubaaqudgha
  6884 | D:6      | Reached skill level 1 in Fighting
  6884 | D:6      | Reached skill level 1 in Armour
  7142 | D:6      | Reached skill level 5 in Air Magic
  7248 | D:6      | Found a sacrificial altar of Ru.
  7249 | D:6      | Found a bloodstained altar of Trog.
  7249 | D:6      | Found a blossoming altar of Fedhas.
  7250 | D:6      | Found a snail-covered altar of Cheibriados.
  7529 | D:7      | Reached skill level 5 in Spellcasting
  7576 | D:7      | Found a sand-covered staircase.
  7908 | D:7      | Reached *** piety under Kikubaaqudgha
  7908 | D:7      | Identified Kikubaaqudgha's Catalogue of Stolen Souls
                  | (Kikubaaqudgha gifted it to you on level 7 of the Dungeon)
  7908 | D:7      | Received a gift from Kikubaaqudgha
  8018 | D:7      | Learned a level 5 spell: Borgnjor's Vile Clutch
  8077 | D:7      | Reached skill level 1 in Earth Magic
  8556 | D:8      | Reached skill level 2 in Earth Magic
  8556 | D:8      | Reached XP level 10. HP: 62/69 MP: 3/17
  8588 | D:8      | Found Diowihay's Antique Weapon Shop.
  8593 | D:8      | Learned a level 2 spell: Sublimation of Blood
  8637 | D:8      | Reached skill level 3 in Earth Magic
  8659 | D:8      | Reached skill level 5 in Necromancy
  8659 | D:8      | Reached skill level 4 in Earth Magic
  8731 | D:8      | Reached skill level 5 in Earth Magic
  8957 | D:8      | Noticed a deep elf mage
  9199 | D:8      | Killed a deep elf mage
  9199 | D:8      | Reached skill level 6 in Earth Magic
  9202 | D:8      | Reached **** piety under Kikubaaqudgha
  9596 | D:9      | Noticed a two-headed ogre
 10049 | D:9      | Reached skill level 7 in Earth Magic
 10231 | D:9      | Killed a two-headed ogre
 10231 | D:9      | Reached skill level 8 in Earth Magic
 10231 | D:9      | Reached XP level 11. HP: 37/74 MP: 7/18
 10443 | D:9      | Found a hazy altar of Hepliaklqana.
 10776 | D:8      | Gained mutation: You are partially covered in slimy green
                  | scales. (AC +2) [potion of mutation]
 10776 | D:8      | Gained mutation: You are partially covered in rugged brown
                  | scales. (AC +1, +3% HP) [potion of mutation]
 10776 | D:8      | Gained mutation: Your flesh is cold resistant. (rC+)
                  | [potion of mutation]
 10777 | D:8      | HP: 2/76 [warg (14)]
 11093 | D:9      | Found a staircase to the Lair.
 11160 | D:9      | Found a burning altar of Makhleb.
 11479 | D:10     | Entered Level 10 of the Dungeon
 11500 | D:10     | Reached skill level 9 in Earth Magic
 11639 | D:10     | Noticed Harold
 11831 | D:10     | Found Murodof's Food Emporium.
 11909 | D:10     | Reached ***** piety under Kikubaaqudgha
 12086 | D:10     | Learned a level 3 spell: Vampiric Draining
 12130 | D:10     | Found a staircase to the Orcish Mines.
 12181 | D:10     | Noticed a catoblepas
 12301 | D:9      | Killed Harold
 12556 | D:10     | Noticed Gastronok
 13175 | D:10     | Killed a catoblepas
 13298 | Orc:1    | Entered Level 1 of the Orcish Mines
 13361 | Orc:1    | Found a roughly hewn altar of Beogh.
 13403 | Orc:1    | Noticed Snorg
 13578 | D:10     | Killed Gastronok
 13578 | D:10     | Reached skill level 5 in Fighting
 13578 | D:10     | Reached skill level 5 in Armour
 13578 | D:10     | Reached XP level 12. HP: 36/88 MP: 13/23
 13750 | D:10     | Killed Snorg
 13750 | D:10     | Reached skill level 5 in Dodging
 13772 | Orc:1    | Noticed Josephine
 14031 | Orc:1    | Killed Josephine
 14445 | Orc:1    | Noticed a two-headed ogre
 14471 | Orc:1    | Killed a two-headed ogre
 14622 | Orc:1    | Reached ****** piety under Kikubaaqudgha
 14885 | Orc:1    | Received a gift from Kikubaaqudgha
 14908 | Orc:2    | Entered Level 2 of the Orcish Mines
 15197 | Orc:2    | Found a staircase to the Elven Halls.
 15319 | Orc:1    | Fell from the grace of Kikubaaqudgha
 15531 | D:2      | Became a worshipper of Gozag Ym Sagoz the Greedy
 15726 | Lair:1   | Entered Level 1 of the Lair of Beasts
 16018 | Lair:1   | Reached XP level 13. HP: 73/98 MP: 13/25
 16843 | Lair:2   | Identified An Introduction to Rites and Rhymes
 17174 | Lair:2   | Noticed an eight-headed hydra
 17186 | Lair:2   | Killed an eight-headed hydra
 17346 | Lair:2   | Found a hole to the Spider Nest.
 18474 | Lair:3   | Noticed a catoblepas
 18485 | Lair:3   | Killed a catoblepas
 18984 | Lair:3   | Found a staircase to the Swamp.
 19439 | Lair:4   | Noticed a four-headed hydra
 19449 | Lair:4   | Killed a four-headed hydra
 19456 | Lair:4   | Reached skill level 10 in Fighting
 19456 | Lair:4   | Reached skill level 10 in Armour
 19950 | Lair:5   | Noticed Rupert
 19953 | Lair:5   | Found a gate leading to a gauntlet.
 19976 | Gauntlet | Entered a Gauntlet
 19976 | Gauntlet | Found a large runed translucent door.
 19976 | Gauntlet | Found a large runed translucent door.
 19976 | Gauntlet | Found a large runed translucent door.
 19976 | Gauntlet | Found a large runed translucent door.
 19976 | Gauntlet | Found a large runed translucent door.
 19976 | Gauntlet | Found a large runed translucent door.
 19976 | Gauntlet | Found a runed translucent door.
 19976 | Gauntlet | Found a transporter.
 19976 | Gauntlet | Found a runed translucent door.
 19976 | Gauntlet | Found a large runed translucent door.
 19976 | Gauntlet | Found a large runed translucent door.
 19976 | Gauntlet | Found a large runed translucent door.
 19976 | Gauntlet | Found a large runed translucent door.
 19976 | Gauntlet | Found a large runed translucent door.
 19976 | Gauntlet | Found a large runed translucent door.
 19977 | Gauntlet | Found a large runed translucent door.
 19977 | Gauntlet | Found a large runed translucent door.
 19977 | Gauntlet | Found a large runed translucent door.
 19978 | Gauntlet | Noticed a hell beast
 19979 | Gauntlet | Found a runed translucent gate.
 19979 | Gauntlet | Found a runed translucent gate.
 19979 | Gauntlet | Found a transporter.
 19979 | Gauntlet | Found a runed translucent gate.
 19980 | Gauntlet | Noticed a seven-headed hydra
 19981 | Gauntlet | Found a transporter.
 19981 | Gauntlet | Found a transporter.
 19984 | Gauntlet | Found a transporter.
 19985 | Gauntlet | Found a transporter.
 19992 | Gauntlet | Found a large runed translucent door.
 19993 | Gauntlet | Noticed a green death
 19994 | Gauntlet | Found a transporter.
 20013 | Gauntlet | Found a transporter.
 20013 | Gauntlet | Noticed a ghost crab
 20026 | Gauntlet | Found a transporter.
 20030 | Gauntlet | Found a transporter.
 20042 | Gauntlet | Found a transporter.
 20074 | Gauntlet | Found a transporter.
 20135 | Gauntlet | Killed a seven-headed hydra
 20135 | Gauntlet | Reached XP level 14. HP: 112/112 MP: 17/26
 20190 | Gauntlet | Got a bound lapis lazuli ring
 20201 | Gauntlet | Reached skill level 1 in Evocations
 20223 | Gauntlet | Noticed a minotaur
 20233 | Gauntlet | Killed a minotaur
 20245 | Gauntlet | Got a ripped robe
 20273 | Lair:5   | Found a dark tunnel.
 20277 | Lair:5   | Identified the ring of Ukhur {rN+ MR- Int+9 Dex+8} (You
                  | found it in a Gauntlet)
 20282 | Volcano  | Entered a volcano
 20588 | Volcano  | Reached skill level 5 in Evocations
 21129 | Lair:5   | Identified the +1 robe "Tira" {rF+ Slay+3} (You found it in
                  | a Gauntlet)
 21256 | Lair:5   | Reached skill level 1 in Shields
 21532 | Lair:5   | Reached skill level 5 in Shields
 21931 | Lair:5   | Found a runed translucent gate.
 21932 | Lair:5   | Found a runed translucent gate.
 21933 | Lair:5   | Found a runed translucent gate.
 21940 | Lair:5   | Noticed sm0rk's ghost (journeyman MfAK)
 21940 | Lair:5   | Noticed Mumum's ghost (journeyman DrFE)
 21941 | Lair:5   | Noticed Thalamas's ghost (journeyman MiBe)
 22027 | Lair:5   | Was forgiven by Kikubaaqudgha
 22148 | Lair:5   | Found a staircase to the Slime Pits.
 22431 | Lair:5   | Killed Rupert
 22720 | Lair:5   | Killed Thalamas's ghost
 23028 | Lair:5   | Got a jewelled mace
 23029 | Lair:5   | Identified the +7 mace of the Iron City of Dis {drain,
                  | *Drain rPois Dex+8 Stlth+} (You found it on level 5 of the
                  | Lair of Beasts)
 23402 | Lair:5   | Killed sm0rk's ghost
 23496 | Lair:5   | Killed Mumum's ghost
 23586 | Lair:6   | Entered Level 6 of the Lair of Beasts
 23748 | Lair:6   | Reached XP level 15. HP: 113/118 MP: 18/28
 23782 | Lair:6   | Reached skill level 10 in Spellcasting
 25164 | D:9      | Lost mutation: Your flesh is cold resistant. (rC+) [potion
                  | of mutation]
 25164 | D:9      | Lost mutation: You are partially covered in slimy green
                  | scales. (AC +2) [potion of mutation]
 25164 | D:9      | Lost mutation: You are partially covered in rugged brown
                  | scales. (AC +1, +3% HP) [potion of mutation]
 25164 | D:9      | Gained mutation: You are somewhat resistant to further
                  | mutation. [potion of mutation]
 25165 | D:9      | Lost mutation: You are somewhat resistant to further
                  | mutation. [potion of mutation]
 25165 | D:9      | Gained mutation: Scrolls take you a little longer to read.
                  | [potion of mutation]
 25165 | D:9      | Gained mutation: You are partially covered in iridescent
                  | scales. (AC +2) [potion of mutation]
 25178 | D:9      | Learned a level 8 spell: Necromutation
 25633 | Orc:2    | Found a roughly hewn altar of Beogh.
 25658 | Orc:2    | Found Anwea's Gadget Shop.
 25658 | Orc:2    | Found Erromup's Jewellery Shoppe.
 25698 | Orc:2    | Bought a wand of acid (5) for 180 gold pieces
 25698 | Orc:2    | Bought a wand of acid (4) for 160 gold pieces
 25910 | Orc:2    | Found Heraf's General Store.
 25911 | Orc:2    | Found Dihu's Armour Shoppe.
 26005 | Orc:2    | Bought a +0 cloak for 81 gold pieces
 26005 | Orc:2    | Bought a +0 pair of boots for 81 gold pieces
 26066 | Orc:2    | Bought a scroll of identify for 28 gold pieces
 26066 | Orc:2    | Bought a potion of invisibility for 112 gold pieces
 26066 | Orc:2    | Bought the +2 shield of Resistance {rF+ rC+ MR+} for 575
                  | gold pieces
 26066 | Orc:2    | Found the +2 shield of Resistance {rF+ rC+ MR+}
 26686 | D:11     | Reached skill level 10 in Earth Magic
 26887 | D:11     | You fall into a shaft and drop 2 floors!
 26941 | D:13     | Reached XP level 16. HP: 117/122 MP: 25/33
 27004 | D:13     | Reached skill level 10 in Necromancy
 27105 | D:13     | Noticed Maurice
 27111 | D:13     | Killed Maurice
 27725 | D:12     | Found Ytir's Jewellery Boutique.
 27866 | D:12     | Identified the +7 quarterstaff "Nemmori" {vamp, Int+4}
 27886 | D:12     | Reached skill level 11 in Earth Magic
 28170 | D:12     | Got a warped quarterstaff
 28177 | D:12     | Noticed a tengu reaver
 28189 | D:12     | Killed a tengu reaver
 28531 | D:12     | Identified the cursed +0 quarterstaff of Kaqoamaa {vorpal,
                  | *Rage rElec rN++} (You found it on level 12 of the Dungeon)
 28657 | D:12     | Found Xuekili's Gadget Emporium.
 28665 | D:12     | Bought a wand of acid (13) for 408 gold pieces
 28665 | D:12     | Bought a wand of clouds (4) for 288 gold pieces
 28665 | D:12     | Bought a wand of iceblast (4) for 96 gold pieces
 28691 | D:12     | Found Iqaustris's Armour Emporium.
 29400 | D:14     | Found a shimmering altar of Xom.
 29404 | D:14     | Found the +7 mace of Variability {chain chaos}
 29552 | D:14     | Reached skill level 12 in Earth Magic
 29799 | D:14     | Found a gate to the Vaults.
 30348 | D:15     | Entered Level 15 of the Dungeon
 30398 | D:15     | Reached XP level 17. HP: 125/128 MP: 35/35
 30547 | D:15     | Lost mutation: Scrolls take you a little longer to read.
                  | [potion of mutation]
 30547 | D:15     | Lost mutation: You are partially covered in iridescent
                  | scales. (AC +2) [potion of mutation]
 30547 | D:15     | Gained mutation: You are agile. (Dex +2) [potion of
                  | mutation]
 30547 | D:15     | Gained mutation: Your natural rate of healing is unusually
                  | fast. [potion of mutation]
 30547 | D:15     | Gained mutation: Your movements are slightly less
                  | encumbered by armour. (ER -2) [potion of mutation]
 30845 | D:15     | Noticed Roxanne
 30867 | D:15     | Killed Roxanne
 31058 | D:15     | Found a staircase to the Depths.
 31328 | Spider:1 | Entered Level 1 of the Spider Nest
 31373 | Spider:1 | Noticed Frances
 31389 | Spider:1 | Killed Frances
 31563 | Spider:1 | Noticed Donald
 31591 | Spider:1 | Killed Donald
 31948 | Spider:1 | Reached skill level 15 in Necromancy
 32097 | Spider:1 | Got a fading long sword
 32436 | Spider:2 | Reached XP level 18. HP: 69/134 MP: 13/36
 32534 | Spider:2 | Identified the cursed +0 kite shield of Distant Shores
                  | {rF+}
 32534 | Spider:2 | Noticed Asterion
 32536 | Spider:2 | Found a frozen archway.
 32560 | Spider:2 | Killed Asterion
 32714 | IceCv    | Entered an ice cave
 33006 | IceCv    | Got an ancient demon whip
 34178 | D:9      | Identified 2 scrolls of acquirement
 35493 | Spider:4 | Entered Level 4 of the Spider Nest
 35500 | Spider:4 | Reached skill level 1 in Transmutations
 36535 | Spider:4 | Reached skill level 5 in Transmutations
 36920 | Spider:4 | Reached XP level 19. HP: 83/140 MP: 13/37
 36985 | Spider:4 | Got a gossamer rune of Zot
 37056 | Spider:4 | Learned a level 3 spell: Ozocubu's Armour
 37263 | Swamp:1  | Entered Level 1 of the Swamp
 37363 | Swamp:1  | Reached skill level 1 in Charms
 37363 | Swamp:1  | Reached skill level 1 in Ice Magic
 39430 | Swamp:3  | Got a masterwork spear
 39783 | Swamp:4  | Entered Level 4 of the Swamp
 40225 | Swamp:4  | Reached skill level 5 in Ice Magic
 40229 | Swamp:4  | Reached skill level 5 in Charms
 40901 | Swamp:4  | Reached XP level 20. HP: 146/146 MP: 35/38
 41524 | Swamp:4  | Noticed a bone dragon
 41536 | Swamp:4  | Killed a bone dragon
 41615 | Swamp:4  | Got a decaying rune of Zot
 41820 | D:9      | Identified the +4 spear of Generosity {flame, rF+ MR+
                  | Dex-3} (You found it on level 3 of the Swamp)
 41846 | D:9      | Identified the +8 demon whip "Vath" {flame, Dex+2} (You
                  | found it in an ice cave)
 41849 | D:9      | Identified the +6 long sword "Zeurch" {vorpal, rElec} (You
                  | found it on level 1 of the Spider Nest)
 42042 | Vaults:1 | Entered Level 1 of the Vaults
 42225 | Vaults:1 | Reached skill level 10 in Transmutations
 42296 | Vaults:1 | Noticed Frederick
 42314 | Vaults:1 | Killed Frederick
 42317 | Vaults:1 | HP: 7/147 [cyclops/large rock[a boggart] (9)]
 42862 | Vaults:1 | Found Tigruyr's Jewellery Emporium.
 43004 | Vaults:1 | Got a smoking dagger
 43398 | Vaults:1 | Identified the +1 dagger of the Traitor {holy, +Fly rF+
                  | rN++ Str-5} (You found it on level 1 of the Vaults)
 43603 | Vaults:2 | Found a sacrificial altar of Ru.
 43772 | Vaults:2 | Reached XP level 21. HP: 153/153 MP: 33/39
 44014 | Vaults:2 | Found Nikkuenn's Distillery.
 44084 | Vaults:2 | Bought a potion of cancellation for 168 gold pieces
 44084 | Vaults:2 | Bought a potion of curing for 63 gold pieces
 44084 | Vaults:2 | Bought a potion of curing for 63 gold pieces
 44084 | Vaults:2 | Bought a potion of might for 84 gold pieces
 44084 | Vaults:2 | Bought a potion of mutation for 168 gold pieces
 44084 | Vaults:2 | Bought 2 potions of brilliance for 168 gold pieces
 44084 | Vaults:2 | Bought a potion of ambrosia for 168 gold pieces
 44084 | Vaults:2 | Bought a potion of heal wounds for 105 gold pieces
 44234 | Vaults:2 | Noticed Nikola
 44287 | Vaults:2 | Killed Nikola
 44319 | Vaults:2 | Reached skill level 15 in Transmutations
 45250 | Vaults:3 | You fall into a shaft and drop 1 floor!
 45375 | Vaults:4 | Noticed a lich
 45384 | Vaults:4 | Killed a lich
 45549 | Vaults:4 | Reached XP level 22. HP: 130/159 MP: 20/40
 46391 | Vaults:4 | Got a transparent plate armour
 46403 | Vaults:4 | Identified the +1 plate armour of the Serpent {rElec rF+
                  | rN+} (You found it on level 4 of the Vaults)
 47172 | Vaults:3 | Reached skill level 10 in Shields
 47528 | Vaults:3 | Found a staircase to the Crypt.
 47528 | Vaults:3 | Found a basalt altar of Yredelemnul.
 47529 | Vaults:3 | Found an ancient bone altar of Kikubaaqudgha.
 48066 | Vaults:3 | Reached XP level 23. HP: 153/165 MP: 20/41
 48474 | Elf:1    | Entered Level 1 of the Elven Halls
 49380 | Elf:1    | Identified the Tome of Conjuration and the Entourage
 49554 | Elf:2    | Found a ruined gateway.
 49569 | Elf:2    | Found Cefeit's Gadget Shoppe.
 49569 | Elf:2    | Found Gefelynn's Jewellery Boutique.
 49570 | Elf:2    | Found Afetal's Gadget Shoppe.
 49575 | Elf:2    | Bought a wand of acid (4) for 224 gold pieces
 49575 | Elf:2    | Bought a wand of clouds (5) for 378 gold pieces
 49579 | Elf:2    | Bought a wand of clouds (7) for 429 gold pieces
 49602 | Desolati | Entered the Desolation of Salt
 50124 | Desolati | Got a sparkling platinum amulet
 50239 | Desolati | Identified the amulet of Secrets {Inacc rC+} (You found it
                  | in the Desolation of Salt)
 50323 | Desolati | Identified the Disquisition on Flight
 50403 | Desolati | Reached skill level 15 in Shields
 50421 | Desolati | Reached skill level 10 in Evocations
 50578 | Desolati | Got a warped steel amulet
 50586 | Desolati | Got a translucent great sword
 50588 | Desolati | Identified the Handbook of Attacks and Transmigration
 50738 | Desolati | Got a fading hand crossbow
 50740 | Desolati | Got a heavily runed plate armour
 50741 | Desolati | Identified the Guide on the Snowflakes and Orientation
 50747 | Desolati | Got a scorched iron ring
 50920 | Elf:2    | Identified the +2 hand crossbow "Ant's Bane" {elec, +Inv
                  | rPois Int+8 Dex-2} (You found it in the Desolation of Salt)
 50921 | Elf:2    | Identified the +2 great sword "Beastbane" {flame, Str+2
                  | Dex+3 Stlth-} (You found it in the Desolation of Salt)
 50935 | Elf:2    | Identified the cursed +0 plate armour "Zeaxkib" {Str+4}
                  | (You found it in the Desolation of Salt)
 50937 | Elf:2    | Identified the amulet "Fiefiuc" {Regen+ Dex+2 Slay+3} (You
                  | found it in the Desolation of Salt)
 50939 | Elf:2    | Identified the ring "Wooxi" {+Fly rPois Str-4 Int+4} (You
                  | found it in the Desolation of Salt)
 51199 | Elf:2    | Found a runed translucent gate.
 51199 | Elf:2    | Found a runed translucent gate.
 51199 | Elf:2    | Found a runed translucent gate.
 51868 | Elf:3    | Entered Level 3 of the Elven Halls
 52072 | Elf:3    | Reached XP level 24. HP: 171/172 MP: 32/41
 52456 | Elf:3    | Identified the +6 trident of Ytioc {vorpal, rF+ rN+}
 52465 | Elf:3    | Reached skill level 13 in Earth Magic
 52498 | Elf:3    | Reached skill level 14 in Earth Magic
 52605 | Elf:3    | Reached skill level 15 in Earth Magic
 52878 | Elf:3    | Identified the +11 dagger of the Freezing Butterfly {vamp,
                  | *Drain rF++}
 53037 | Elf:3    | Reached skill level 16 in Earth Magic
 53057 | Elf:3    | Identified the cursed +1 scythe "Cuisaer" {antimagic, MP+9}
 53085 | Elf:3    | Identified the cursed +1 dire flail of the Thirsty Visions
                  | {vorpal, rElec rPois Str+8 Int-5}
 53400 | Elf:3    | Identified the Almanac of Evil Rituals and Weightlessness
 53586 | Elf:3    | Got a bloodstained scimitar
 53626 | Elf:3    | Got a jewelled chain mail
 53713 | Elf:3    | Identified the +10 chain mail of Avvorghi {Int-5 Slay+6}
                  | (You found it on level 3 of the Elven Halls)
 53796 | Elf:3    | Identified the +3 scimitar of Meifatit {drain, Str+4} (You
                  | found it on level 3 of the Elven Halls)
 53990 | D:9      | Learned a level 2 spell: Shroud of Golubria
 53996 | D:9      | Learned a level 5 spell: Bolt of Magma
 54002 | D:9      | Learned a level 5 spell: Aura of Abjuration
 54012 | D:9      | Learned a level 9 spell: Shatter
 54220 | Crypt:1  | Entered Level 1 of the Crypt
 54431 | Crypt:1  | Reached skill level 17 in Earth Magic
 54697 | Crypt:1  | Reached XP level 25. HP: 163/177 MP: 4/41
 54825 | Crypt:1  | Reached skill level 5 in Summonings
 55316 | Crypt:2  | Reached skill level 18 in Earth Magic
 56367 | Crypt:3  | Entered Level 3 of the Crypt
 56690 | Crypt:3  | Found the +6 shillelagh "Devastator" {shatter}
 56788 | Crypt:3  | Noticed a greater mummy
 56793 | Crypt:3  | Killed a greater mummy
 56794 | Crypt:3  | Reached skill level 19 in Earth Magic
 56795 | Crypt:3  | Identified the Papyrus of the Dark Glacier
 56840 | Crypt:3  | Identified the ring of Peace {rC+ Dex+3 SInv Stlth+}
 56915 | Crypt:3  | Identified Magic in Simple Steps
 56917 | Crypt:3  | Noticed a greater mummy
 56924 | Crypt:3  | Killed a greater mummy
 57275 | Crypt:3  | Found a basalt altar of Yredelemnul.
 57335 | Crypt:3  | Noticed a greater mummy
 57336 | Crypt:3  | Reached skill level 10 in Summonings
 57339 | Crypt:3  | Reached XP level 26. HP: 171/184 MP: 29/41
 57345 | Crypt:3  | Noticed Khufu
 57357 | Crypt:3  | Killed a greater mummy
 57365 | Crypt:3  | Killed Khufu
 57383 | Crypt:3  | Found the +12 Vampire's Tooth {vamp}
 57402 | Crypt:3  | Got a heavily runed tin ring
 57404 | Crypt:3  | Identified the ring "Zishulue" {rF+ AC+4 SInv} (You found
                  | it on level 3 of the Crypt)
 57704 | Crypt:3  | Reached skill level 20 in Earth Magic
 58504 | Crypt:3  | Found a staircase to the Tomb.
 58512 | Tomb:1   | Entered Level 1 of the Tomb of the Ancients
 59292 | Tomb:1   | Noticed a greater mummy
 59312 | Tomb:1   | Killed a greater mummy
 59312 | Tomb:1   | Reached skill level 21 in Earth Magic
 59317 | Tomb:1   | Noticed a greater mummy
 59340 | Tomb:1   | Killed a greater mummy
 59885 | Tomb:1   | Noticed a greater mummy
 59900 | Tomb:1   | Killed a greater mummy
 59900 | Tomb:1   | Reached skill level 22 in Earth Magic
 59910 | Tomb:1   | Noticed a greater mummy
 59918 | Tomb:1   | Killed a greater mummy
 59933 | Tomb:1   | Noticed a greater mummy
 59945 | Tomb:1   | Killed a greater mummy
 59945 | Tomb:1   | Reached XP level 27. HP: 190/190 MP: 25/41
 60001 | Tomb:1   | Noticed a greater mummy
 60005 | Tomb:1   | Noticed a greater mummy
 60007 | Tomb:1   | Killed a greater mummy
 60021 | Tomb:1   | Killed a greater mummy
 60056 | Tomb:1   | Noticed a greater mummy
 60064 | Tomb:1   | Killed a greater mummy
 60101 | Tomb:1   | Noticed a greater mummy
 60106 | Tomb:1   | Killed a greater mummy
 60131 | Tomb:1   | Noticed a greater mummy
 60139 | Tomb:1   | Killed a greater mummy
 60139 | Tomb:1   | Reached skill level 23 in Earth Magic
 60302 | Tomb:1   | Noticed a greater mummy
 60311 | Tomb:1   | Killed a greater mummy
 60644 | Tomb:1   | Learned a level 8 spell: Lehudib's Crystal Spear
 60880 | Vaults:5 | Entered Level 5 of the Vaults
 60892 | Vaults:5 | Reached skill level 24 in Earth Magic
 61120 | Vaults:5 | Reached skill level 25 in Earth Magic
 61377 | Vaults:5 | Identified the cursed +0 arbalest of Ymotzeru {speed,
                  | Stlth+}
 61377 | Vaults:5 | Identified the ring "Mil Cad" {Dex+5 SInv}
 61478 | Vaults:5 | Reached skill level 26 in Earth Magic
 61831 | Vaults:5 | Identified Sif Muna's Volume of Frigorific Ignition
 61849 | Vaults:5 | Got a silver rune of Zot
 62038 | Vaults:5 | Got a masterwork leather armour
 62073 | Vaults:5 | Identified the +9 great mace "Orb Guardian's Doom" {flame,
                  | +Inv rF+}
 62075 | Vaults:5 | Identified the +6 glaive "Keom" {freeze, rF+}
 62132 | Vaults:5 | Got a polished chain mail
 62284 | Vaults:5 | Got a twisted robe
 62519 | Vaults:5 | Identified the +2 leather armour "Apaetose" {-Cast rElec
                  | rC+ Str+6 Int-2} (You found it on level 5 of the Vaults)
 62531 | Vaults:5 | Identified the +5 chain mail "Isarhog" {Dex+4} (You found
                  | it on level 5 of the Vaults)
 62543 | Vaults:5 | Identified the cursed +1 robe of Ikhlerad {-Tele Str+3
                  | Int+5 Stlth+} (You found it on level 5 of the Vaults)
 62815 | Tomb:2   | Noticed a greater mummy
 62815 | Tomb:2   | Noticed a greater mummy
 62815 | Tomb:2   | Noticed a greater mummy
 62815 | Tomb:2   | Noticed a greater mummy
 62826 | Tomb:2   | Killed a greater mummy
 62826 | Tomb:2   | Killed a greater mummy
 62826 | Tomb:2   | Killed a greater mummy
 62832 | Tomb:2   | Killed a greater mummy
 62849 | Tomb:2   | Reached skill level 27 in Earth Magic
 63408 | Tomb:2   | Identified the +8 arbalest "Jopliv" {elec, Str+7 Int+4}
 63784 | Tomb:3   | Entered Level 3 of the Tomb of the Ancients
 63792 | Tomb:3   | Noticed a greater mummy
 63802 | Tomb:3   | Killed a greater mummy
 63802 | Tomb:3   | Noticed Mennas
 63805 | Tomb:3   | Noticed a greater mummy
 63808 | Tomb:3   | Noticed a greater mummy
 63810 | Tomb:3   | Noticed a greater mummy
 63926 | Tomb:3   | Noticed a greater mummy
 63927 | Tomb:3   | Noticed a greater mummy
 63933 | Tomb:3   | Noticed a greater mummy
 63936 | Tomb:3   | Noticed a greater mummy
 63939 | Tomb:3   | Killed a greater mummy
 63941 | Tomb:3   | Noticed a greater mummy
 64068 | Tomb:3   | Killed a greater mummy
 64068 | Tomb:3   | Killed a greater mummy
 64074 | Tomb:3   | Killed a greater mummy
 64074 | Tomb:3   | Reached skill level 5 in Stealth
 64075 | Tomb:3   | Killed a greater mummy
 64075 | Tomb:3   | Killed a greater mummy
 64075 | Tomb:3   | Reached skill level 10 in Stealth
 64110 | Tomb:2   | Killed a greater mummy
 64255 | Tomb:2   | Killed a greater mummy
 64312 | Tomb:3   | Killed Mennas
 64587 | Tomb:3   | Identified the Tome of Earthen Lightness
 64839 | Tomb:3   | Got a translucent golden ring
 64840 | Tomb:3   | Identified Lehudib's Almanac of Dusty Confrontation
 64885 | Tomb:3   | Got a pitted steel ring
 64889 | Tomb:3   | Got a sparkling brass ring
 64892 | Tomb:3   | Got a scorched lead ring
 65127 | Tomb:3   | Got faintly glowing quicksilver dragon scales
 65139 | Tomb:3   | Identified the cursed quicksilver dragon scales of Duty
                  | {MR+ Str+4 Slay+3 Stlth-} (You found it on level 3 of the
                  | Tomb of the Ancients)
 65139 | Tomb:3   | Identified the ring of the Eight Ghosts {rElec rN+ Dex+3}
                  | (You found it on level 3 of the Tomb of the Ancients)
 65142 | Tomb:3   | Identified the ring "Reomogu" {Fire Int+3 Dex-3 Stlth+}
                  | (You found it on level 3 of the Tomb of the Ancients)
 65145 | Tomb:3   | Identified the ring of Limitation {rC+ SInv} (You found it
                  | on level 3 of the Tomb of the Ancients)
 65148 | Tomb:3   | Identified the ring "Foaleneu" {rC+ Dex+6 Stlth+} (You
                  | found it on level 3 of the Tomb of the Ancients)
 65161 | Tomb:3   | Got a tattered robe
 65174 | Tomb:3   | Identified the cursed +0 robe of Serendipity {rN+ rCorr
                  | MP-9 Int+7} (You found it on level 3 of the Tomb of the
                  | Ancients)
 65183 | Tomb:3   | Got a heavily runed scale mail
 65190 | Tomb:3   | Identified the +6 scale mail "Ehoec Izy" {rC++ Int+2} (You
                  | found it on level 3 of the Tomb of the Ancients)
 65200 | Tomb:3   | Got a polished spear
 65201 | Tomb:3   | Identified the +8 spear of Woe {vorpal, rC+ Str+4} (You
                  | found it on level 3 of the Tomb of the Ancients)
 65265 | Tomb:3   | Got a golden rune of Zot
 65397 | Tomb:3   | Learned a level 9 spell: Tornado
 65401 | Tomb:3   | Acquired 610 gold pieces
 65402 | Tomb:3   | Acquired 590 gold pieces
 65403 | Tomb:3   | Acquired 610 gold pieces
 65404 | Tomb:3   | Acquired the +9 staff of Wucad Mu {channel}
 65405 | Tomb:3   | Found the +9 staff of Wucad Mu {channel}
 65405 | Tomb:3   | Acquired 1190 gold pieces
 65411 | Tomb:3   | Lost mutation: You are agile. (Dex +2) [potion of mutation]
 65411 | Tomb:3   | Lost mutation: Your natural rate of healing is unusually
                  | fast. [potion of mutation]
 65411 | Tomb:3   | Gained mutation: You do not regenerate when monsters are
                  | visible. [potion of mutation]
 65411 | Tomb:3   | Gained mutation: You are partially covered in molten
                  | scales. (AC +2) [potion of mutation]
 65412 | Tomb:3   | Lost mutation: You do not regenerate when monsters are
                  | visible. [potion of mutation]
 65412 | Tomb:3   | Lost mutation: You are partially covered in molten scales.
                  | (AC +2) [potion of mutation]
 65412 | Tomb:3   | Gained mutation: You are dopey. (Int -2) [potion of
                  | mutation]
 65412 | Tomb:3   | Gained mutation: Your muscles are strong. (Str +2) [potion
                  | of mutation]
 65413 | Tomb:3   | Lost mutation: You are dopey. (Int -2) [potion of mutation]
 65413 | Tomb:3   | Lost mutation: Your muscles are strong. (Str +2) [potion of
                  | mutation]
 65413 | Tomb:3   | Gained mutation: You are partially covered in thin metallic
                  | scales. (AC +2) [potion of mutation]
 65413 | Tomb:3   | Gained mutation: Potions are less effective at restoring
                  | your health. [potion of mutation]
 65413 | Tomb:3   | Gained mutation: Your skin changes colour to match your
                  | surroundings (Stealth+). [potion of mutation]
 65427 | Tomb:3   | Bought a scroll of identify for 26 gold pieces
 65427 | Tomb:3   | Bought a scroll of identify for 26 gold pieces
 65427 | Tomb:3   | Bought a scroll of identify for 26 gold pieces
 65427 | Tomb:3   | Bought a scroll of enchant armour for 97 gold pieces
 65427 | Tomb:3   | Bought a scroll of fog for 26 gold pieces
 65429 | Tomb:3   | Bought a pair of glowing boots for 255 gold pieces
 65442 | Tomb:3   | Bought a pair of embroidered gloves for 367 gold pieces
 65457 | Tomb:3   | Bought a potion of curing for 66 gold pieces
 65459 | Tomb:3   | Bought a potion of mutation for 160 gold pieces
 65459 | Tomb:3   | Bought a potion of curing for 60 gold pieces
 65459 | Tomb:3   | Bought a potion of curing for 60 gold pieces
 65459 | Tomb:3   | Bought 2 potions of invisibility for 320 gold pieces
 65459 | Tomb:3   | Bought a potion of mutation for 160 gold pieces
 65459 | Tomb:3   | Bought a potion of resistance for 200 gold pieces
 65459 | Tomb:3   | Bought a potion of brilliance for 80 gold pieces
 65459 | Tomb:3   | Lost mutation: Your movements are slightly less encumbered
                  | by armour. (ER -2) [potion of mutation]
 65459 | Tomb:3   | Lost mutation: Potions are less effective at restoring your
                  | health. [potion of mutation]
 65459 | Tomb:3   | Gained mutation: You are covered in fur. (AC +1) [potion of
                  | mutation]
 65459 | Tomb:3   | Gained mutation: Your body sometimes deteriorates upon
                  | taking damage. [potion of mutation]
 65459 | Tomb:3   | Gained mutation: You have a somewhat thin skeletal
                  | structure. (Dex +2, Stealth) [potion of mutation]
 65459 | Tomb:3   | Gained mutation: Your muscles are strong. (Str +2) [potion
                  | of mutation]
 65460 | Tomb:3   | Lost mutation: You are partially covered in thin metallic
                  | scales. (AC +2) [potion of mutation]
 65460 | Tomb:3   | Lost mutation: Your body sometimes deteriorates upon taking
                  | damage. [potion of mutation]
 65460 | Tomb:3   | Gained mutation: Armour fits poorly on your strangely
                  | shaped body. [potion of mutation]
 65460 | Tomb:3   | Gained mutation: Your muscles are very strong. (Str +4)
                  | [potion of mutation]
 65460 | Tomb:3   | Gained mutation: You have sharp toenails. [potion of
                  | mutation]
 65460 | Tomb:3   | Gained mutation: Your system is resistant to poisons.
                  | (rPois) [potion of mutation]
 65465 | Tomb:3   | Bought a potion of heal wounds for 110 gold pieces
 65465 | Tomb:3   | Bought 2 potions of heal wounds for 220 gold pieces
 65465 | Tomb:3   | Bought a potion of mutation for 176 gold pieces
 65465 | Tomb:3   | Bought a potion of magic for 176 gold pieces
 65465 | Tomb:3   | Bought a potion of invisibility for 176 gold pieces
 65465 | Tomb:3   | Bought a potion of brilliance for 88 gold pieces
 65465 | Tomb:3   | Bought a potion of brilliance for 88 gold pieces
 65465 | Tomb:3   | Bought a potion of curing for 66 gold pieces
 65465 | Tomb:3   | Bought a potion of curing for 66 gold pieces
 65465 | Tomb:3   | Bought 2 potions of brilliance for 176 gold pieces
 65469 | Tomb:3   | Lost mutation: Your muscles are very strong. (Str +4)
                  | [potion of mutation]
 65469 | Tomb:3   | Lost mutation: You have sharp toenails. [potion of
                  | mutation]
 65469 | Tomb:3   | Lost mutation: Your system is resistant to poisons. (rPois)
                  | [potion of mutation]
 65469 | Tomb:3   | Gained mutation: Your spells are a little easier to cast,
                  | but a little less powerful. [potion of mutation]
 65469 | Tomb:3   | Gained mutation: Your movements are slightly less
                  | encumbered by armour. (ER -2) [potion of mutation]
 65477 | Zig:1    | Entered Level 1 of a ziggurat
 65477 | Zig:1    | Noticed a Killer Klown
 65479 | Zig:1    | Noticed a Killer Klown
 65479 | Zig:1    | Reached skill level 1 in Short Blades
 65481 | Zig:1    | Killed a Killer Klown
 65535 | Zig:2    | Entered Level 2 of a ziggurat
 65560 | Zig:2    | Got a smoking hand axe
 65561 | Zig:2    | Identified the +5 hand axe of Ambiguity {flame, Str+4} (You
                  | found it on level 2 of a ziggurat)
 65578 | Zig:3    | Entered Level 3 of a ziggurat
 65582 | Zig:3    | Reached skill level 15 in Stealth
 65626 | Zig:4    | Entered Level 4 of a ziggurat
 65636 | Zig:4    | Reached skill level 5 in Short Blades
 65653 | Zig:4    | Identified Oziph's Compendium of Earth and Companions
 65701 | Zig:5    | Entered Level 5 of a ziggurat
 65752 | Zig:5    | Got a heavily runed buckler
 65801 | Zig:6    | Entered Level 6 of a ziggurat
 65899 | Zig:7    | Entered Level 7 of a ziggurat
 65917 | Zig:7    | Found the +7 great mace "Firestarter" {inner flame, rF++}
 65992 | Zig:8    | Entered Level 8 of a ziggurat
 65996 | Zig:8    | Noticed a Killer Klown
 65997 | Zig:8    | Noticed Othreugic the pandemonium lord
 65998 | Zig:8    | Noticed a Killer Klown
 66000 | Zig:8    | Noticed Deluom the pandemonium lord
 66003 | Zig:8    | Killed a Killer Klown
 66004 | Zig:8    | Killed Othreugic the pandemonium lord
 66009 | Zig:8    | Killed a Killer Klown
 66014 | Zig:8    | Killed Deluom the pandemonium lord
 66047 | Zig:8    | Got a translucent bone amulet
 66064 | Zig:8    | Got a translucent whip
 66065 | Zig:8    | Identified the +2 whip "Udyefe Asoi" {freeze, *Rage rF+ rC+
                  | rN+} (You found it on level 8 of a ziggurat)
 66085 | Zig:9    | Entered Level 9 of a ziggurat
 66128 | Zig:9    | Identified the Incunabulum of the Quantum Mountains
 66172 | Zig:9    | Got a brightly glowing glaive
 66173 | Zig:9    | Identified the cursed +1 glaive "Impslayer" {vorpal, MR+
                  | Int+2} (You found it on level 9 of a ziggurat)
 66179 | Zig:9    | Got a polished mace
 66180 | Zig:9    | Identified the +7 mace of the Seven Mouths {freeze, rC+
                  | MR+} (You found it on level 9 of a ziggurat)
 66183 | Zig:9    | Identified the amulet "Rankiock" {RegenMP rF++ MP-9 Str+3
                  | Int+2} (You found it on level 8 of a ziggurat)
 66198 | Zig:10   | Entered Level 10 of a ziggurat
 66218 | Zig:10   | Reached skill level 10 in Short Blades
 66218 | Zig:10   | Reached skill level 5 in Axes
 66279 | Zig:10   | Got an ancient platinum ring
 66322 | Zig:10   | Identified the ring "Xofau" {rElec MP+9 Int+4} (You found
                  | it on level 10 of a ziggurat)
 66325 | Zig:10   | Got a dazzling fustibalus
 66326 | Zig:10   | Identified the +6 fustibalus "Qumnil" {freeze, +Blink Int+2
                  | Dex+2} (You found it on level 10 of a ziggurat)
 66356 | Zig:11   | Entered Level 11 of a ziggurat
 66397 | Zig:11   | Found the +4 moon troll leather armour {Spirit, Regen++
                  | MP+5}
 66509 | Zig:11   | Got a twisted fustibalus
 66510 | Zig:11   | Identified the cursed +0 fustibalus of War {venom, rElec
                  | rF- rN+} (You found it on level 11 of a ziggurat)
 66535 | Zig:12   | Entered Level 12 of a ziggurat
 66553 | Zig:12   | Noticed Afrodis the pandemonium lord
 66570 | Zig:12   | Reached skill level 10 in Axes
 66660 | Zig:12   | Killed Afrodis the pandemonium lord
 66762 | Zig:12   | Got a warped scimitar
 66766 | Zig:12   | Got a fine spear
 66768 | Zig:12   | Identified the +2 spear of Freehold {vamp, SInv} (You found
                  | it on level 12 of a ziggurat)
 66771 | Zig:12   | Identified the cursed +3 scimitar "Kaxenor" {elec, +Blink}
                  | (You found it on level 12 of a ziggurat)
 66912 | Zig:13   | Entered Level 13 of a ziggurat
 66963 | Zig:13   | Found the +7 lajatang of Order {silver, rMut}
 66983 | Zig:13   | Identified Foj Vur's Guide on Floating Orientation
 67075 | Zig:14   | Entered Level 14 of a ziggurat
 67096 | Zig:14   | HP: 9/190 [quicksilver dragon/bolt of dispelling energy
                  | (43)]
 67096 | Zig:14   | HP: 3/190 [storm dragon/bolt of lightning (6)]
 67136 | Zig:14   | Reached skill level 15 in Spellcasting
 67245 | Zig:14   | Found the +10 morningstar "Eos" {elec, Halo rElec}
 67293 | Zig:14   | Got a smoking lajatang
 67294 | Zig:14   | Identified the +8 lajatang of Forced Transition {flame, rN+
                  | MR+ Dex+3} (You found it on level 14 of a ziggurat)
 67297 | Zig:14   | Got spiked quicksilver dragon scales
 67308 | Zig:14   | Identified the quicksilver dragon scales "Goirad" {Harm
                  | rElec MR+ Str-3 Int+4} (You found it on level 14 of a
                  | ziggurat)
 67323 | Zig:14   | Got a jewelled scythe
 67324 | Zig:14   | Identified the +4 scythe of Fortitude {drain, rF+ rC+} (You
                  | found it on level 14 of a ziggurat)
 67339 | Zig:15   | Entered Level 15 of a ziggurat
 67349 | Zig:15   | Noticed a greater mummy
 67350 | Zig:15   | Noticed a greater mummy
 67350 | Zig:15   | Noticed a greater mummy
 67351 | Zig:15   | Noticed a greater mummy
 67351 | Zig:15   | Noticed a greater mummy
 67351 | Zig:15   | Noticed a greater mummy
 67352 | Zig:15   | Noticed a greater mummy
 67354 | Zig:15   | Noticed a greater mummy
 67355 | Zig:15   | Noticed a greater mummy
 67358 | Zig:15   | Killed a greater mummy
 67358 | Zig:15   | Killed a greater mummy
 67362 | Zig:15   | Killed a greater mummy
 67362 | Zig:15   | Killed a greater mummy
 67362 | Zig:15   | Killed a greater mummy
 67362 | Zig:15   | Killed a greater mummy
 67362 | Zig:15   | Killed a greater mummy
 67363 | Zig:15   | Killed a greater mummy
 67363 | Zig:15   | Killed a greater mummy
 67435 | Zig:15   | Got a scorched ivory ring
 67510 | Zig:15   | Identified the ring "Pyha" {rElec Str+6 Dex+6} (You found
                  | it on level 15 of a ziggurat)
 67512 | Zig:16   | Entered Level 16 of a ziggurat
 67529 | Zig:16   | Noticed Dipeh Vuur the pandemonium lord
 67531 | Zig:16   | Noticed a Killer Klown
 67548 | Zig:16   | Killed Dipeh Vuur the pandemonium lord
 67549 | Zig:16   | Noticed Lyipp the pandemonium lord
 67553 | Zig:16   | Noticed Jeate the pandemonium lord
 67562 | Zig:16   | Noticed Hicakud the pandemonium lord
 67563 | Zig:16   | Killed Lyipp the pandemonium lord
 67578 | Zig:16   | Killed Jeate the pandemonium lord
 67589 | Zig:16   | Noticed a Killer Klown
 67592 | Zig:16   | Noticed Yrool the pandemonium lord
 67595 | Zig:16   | Killed Hicakud the pandemonium lord
 67597 | Zig:16   | Noticed a Killer Klown
 67614 | Zig:16   | Killed a Killer Klown
 67618 | Zig:16   | Killed a Killer Klown
 67621 | Zig:16   | Killed a Killer Klown
 67626 | Zig:16   | Noticed a Killer Klown
 67639 | Zig:16   | Killed Yrool the pandemonium lord
 67644 | Zig:16   | Killed a Killer Klown
 67795 | Zig:16   | Reached skill level 10 in Dodging
 67812 | Zig:16   | Found the +11 plutonium sword {*Contam Stlth-}
 67891 | Zig:16   | Got a steaming fustibalus
 67892 | Zig:16   | Identified the +1 fustibalus of Gin and Tonic {flame, rF+
                  | rC- Stlth+} (You found it on level 16 of a ziggurat)
 67901 | Zig:16   | Got a steaming dagger
 67902 | Zig:16   | Identified the +7 dagger of Wu Jian {antimagic, rF+ Str+3
                  | Stlth+} (You found it on level 16 of a ziggurat)
 67929 | Zig:17   | Entered Level 17 of a ziggurat
 68169 | Zig:18   | Entered Level 18 of a ziggurat
 68183 | Zig:18   | Noticed Hyac the pandemonium lord
 68183 | Zig:18   | Noticed a Killer Klown
 68183 | Zig:18   | Noticed a Killer Klown
 68195 | Zig:18   | Noticed Muuwnyh the pandemonium lord
 68203 | Zig:18   | Noticed Ussits the pandemonium lord
 68204 | Zig:18   | Noticed Suddam the pandemonium lord
 68209 | Zig:18   | Noticed a Killer Klown
 68209 | Zig:18   | Noticed a Killer Klown
 68209 | Zig:18   | Noticed a Killer Klown
 68210 | Zig:18   | Noticed Poamashu the pandemonium lord
 68214 | Zig:18   | Noticed Ritutor the pandemonium lord
 68224 | Zig:18   | Cast into level 3 of the Abyss (Ritutor)
 68264 | Abyss:3  | Reached skill level 1 in Long Blades
 68417 | Abyss:3  | Reached skill level 15 in Evocations
 68720 | Abyss:3  | Reached skill level 5 in Long Blades
 68822 | Zig:18   | Escaped the Abyss
 68831 | Zig:18   | Noticed Tuamusk the pandemonium lord
 68846 | Zig:18   | Noticed a Killer Klown
 68850 | Zig:18   | Noticed a Killer Klown
 68850 | Zig:18   | Killed Ritutor the pandemonium lord
 68852 | Zig:18   | Killed a Killer Klown
 68853 | Zig:18   | Noticed a Killer Klown
 68853 | Zig:18   | Killed Suddam the pandemonium lord
 68853 | Zig:18   | Killed Tuamusk the pandemonium lord
 68853 | Zig:18   | Reached skill level 10 in Long Blades
 68854 | Zig:18   | Killed Muuwnyh the pandemonium lord
 68857 | Zig:18   | Killed Hyac the pandemonium lord
 68857 | Zig:18   | Killed a Killer Klown
 68857 | Zig:18   | Noticed a Killer Klown
 68867 | Zig:18   | Noticed a Killer Klown
 68872 | Zig:18   | Noticed Bohafieli the pandemonium lord
 68872 | Zig:18   | Noticed Lurietoe the pandemonium lord
 68874 | Zig:18   | Killed Ussits the pandemonium lord
 68874 | Zig:18   | Slain by a white very ugly thing

Illustrated notes

Levels and vault maps discovered:
D:1:      saegor_arrival_miasma, layout_loops_ring, chequers_jeans,
          kennysheep_flooded_box, minmay_pentomino_o4
D:2:      layout_basic, gammafunk_temple_overflow_arena, lemuel_round_altar,
          amethyst_killhole, minmay_statues_item
D:3:      minmay_diamond_boxcup, layout_loops_cross, kennysheep_ying_yang,
          gammafunk_temple_overflow_statue, serial_rivers,
          chequers_serial_rivers_marsh, chequers_serial_rivers_micro_d,
          chequers_serial_rivers_small_3, chequers_serial_rivers_micro_a,
          uniq_natasha
D:4:      layout_gridville, kiku_gazebo_garden_becter, first_ration
D:5:      layout_cave_pods, minmay_temple_entry_butterflies
D:6:      layout_loops_cross, chequers_temple_overflow_statue_of_worship,
          chequers_serial_rivers_large_a, uniq_sigmund
D:7:      layout_basic, nicolae_ossuary_entry_catacombs
D:8:      layout_basic, serial_shops, shop_fountains
D:9:      layout_cross, lemuel_round_altar, nicolae_overflow_hidden_temple,
          erik_lair_orcish_takeover
D:10:     layout_long_grid, zombieorc2_lemuel, serial_shops,
          nicolae_shop_waterfront, serial_rivers,
          chequers_serial_rivers_micro_a, chequers_serial_rivers_marsh,
          chequers_serial_rivers_small_a, chequers_serial_rivers_small_b,
          chequers_serial_rivers_room_b, chequers_serial_rivers_micro_b,
          uniq_harold, uniq_gastronok
D:11:     layout_loops_corners, grunt_pizzeria, library_closet
D:12:     minmay_the_grid_square_5x5_4x4
          [minmay_the_grid_square_5x5_checkered_statues,
          minmay_the_grid_square_5x5_shuriken, minmay_the_grid_square_5x5_comb,
          minmay_the_grid_square_5x5_mess,
          minmay_the_grid_square_5x5_checkered_sparse,
          minmay_the_grid_square_5x5_prize_open,
          minmay_the_grid_square_5x5_prize_deathbox,
          minmay_the_grid_square_5x5_spiral_small,
          minmay_the_grid_square_5x5_two,
          minmay_the_grid_square_5x5_prize_monsterx,
          minmay_the_grid_square_5x5_prize_gold,
          minmay_the_grid_square_5x5_bracketed, minmay_the_grid_square_5x5_plus,
          minmay_the_grid_square_5x5_tie, minmay_the_grid_square_5x5_n,
          minmay_the_grid_square_5x5_spiral], layout_irregular_city,
          serial_shops, shop, shop, shop
D:13:     layout_basic, serial_ice, serial_ice_e, serial_ice_i, serial_ice_a,
          serial_ice_o, serial_ice_n, serial_ice_c, uniq_maurice
D:14:     layout_roguey, grunt_vaults_entry_tiered, serial_bayou_pond_d,
          minmay_guarded_unrand_variability
D:15:     hangedman_depths_entry_try_elsewhere_first, layout_irregular_city,
          hangedman_decor_clover_reticule, minmay_circle_x, uniq_roxanne
Temple:   nicolae_temple_figure_zero
Lair:1:   layout_gridlike, beast_lair_carwin_9, infiniplex_staircase_pool_2
Lair:2:   minmay_lair_venomous_thicket, layout_cave_pods,
          nicolae_spider_entry_tight_spaces
Lair:3:   layout_gridlike, nicolae_swamp_entry_splash_gauntlet,
          beast_lair_carwin_7, minmay_lair_oklob_chamber
Lair:4:   layout_long_grid
Lair:5:   layout_roguey, minmay_slime_entry_oklob_open,
          gammafunk_ghost_cemetery, lightli_volcano_entry_magma_tube,
          gauntlet_entry_generic, serial_bayou_shore_a, uniq_rupert
Lair:6:   hangedman_lair_tendril_chambers, layout_gridlike,
          grunt_forest_large_clearings
Swamp:1:  layout_basic_swamp, evilmike_swamp_ruin_rubble_1,
          infiniplex_staircase_pool
Swamp:2:  layout_basic_swamp, nicolae_swamp_feature_on_the_river_bank,
          nicolae_swamp_trees_clearing
Swamp:3:  layout_basic_swamp, hangedman_swamp_ruin_wall, swamp_pool1,
          hangedman_swamp_blocks, hangedman_swamp_muck
Swamp:4:  swamp_pestilence, layout_basic_swamp
Spider:1: spiders_nest_scorpion_pit, zaba_antful_of_joy, uniq_donald,
          uniq_frances
Spider:2: layout_chambers, portal_ice_cave_entry_pillars_three, uniq_asterion
Spider:3: layout_chambers, drop_trap
Spider:4: spider_rune_water, drop_trap, spiders_nest_spider_trap
Orc:1:    layout_caves, basic_altar, uniq_josephine, uniq_snorg
Orc:2:    st_orc_town, layout_caves
Elf:1:    elf_arrival_001, layout_onion_city, minmay_elf_sorcery
Elf:2:    layout_onion_city, portal_desolation_entry_nicolae_slug,
          minmay_shop_grove
Elf:3:    nooodl_elf_gasket, layout_loops_corners
Vaults:1: grunt_vaults_focal, vaults_room_semicircle,
          ontoclasm_vaults_loading_screen, ontoclasm_vaults_shuriken,
          vaults_room_hallway, sword_in_stone, layout_vaults_omnigrid,
          serial_shops, nicolae_shop_trees
Vaults:2: vaults_room_pool, v_pattern_5, nicolae_vaults_branching_niches,
          v_misc_19, v_alt_pattern_4, grunt_vaults_diagonal,
          vaults_room_fancy_cross, grunt_vaults_hallway_short,
          nicolae_vaults_circle_grid_b, v_misc_12, vaults_mumra_minichess,
          ontoclasm_vaults_twist, v_alt_pattern_2, hangedman_vaults_stagger,
          v_rooms_1, layout_vaults_omnibox, basic_altar, serial_shops,
          shop_statue, uniq_nikola
Vaults:3: nicolae_vaults_c_with_doors, nicolae_vaults_circle_grid_a,
          minmay_crypt_entry_necro_gods, hangedman_vaults_locks, v_misc_3,
          dpeg_vaults_monster_row, nicolae_vaults_little_squares_1,
          vaults_room_ringed_pool, nicolae_vaults_border_crossing,
          nicolae_vaults_specimen_jars, layout_vaults_ring, uniq_frederick
Vaults:4: nicolae_vaults_big_angled_halls, nicolae_vaults_network_square,
          vaults_mumra_lcd, vaults_mumra_hexcomb,
          nicolae_vaults_windows_and_doors_thing, nicolae_vaults_shelves_hall,
          v_misc_4, v_misc_19, nicolae_vaults_network_periphery,
          nicolae_vaults_yaktaur_gun_rack, vaults_room_door_ring,
          nicolae_vaults_gold_heap, layout_vaults_big_room
Vaults:5
Crypt:1:  layout_gridlike, minmay_strange_pillars, grunt_crypt_arrival_split
Crypt:2:  layout_catacombs
Crypt:3:  church_of_pain_bobbens, layout_chaotic_city, tomb_entry_shell_bobbens,
          serial_glass, glass_columns_b, glass_columns_a, grunt_ministairs_9,
          minmay_misc_feat_ornament, st_burial_chamber, uniq_khufu
Tomb:1
Tomb:2
Tomb:3:   uniq_mennas
Zig:18

Skill      XL: |  1  2  3  4  5  6  7  8  9 10 11 12 13 14 15 16 17 18 19 20 21 22 23 24 25 26 27 |
---------------+----------------------------------------------------------------------------------+-----
Conjurations   | 1 2 3 4 5 6 |  6.0
Fire Magic     | 1 3 5 |  5.0
Air Magic      | 1 3 4 5 |  5.0
Spellcasting   | 4 5 7 8 9 13 14 16 | 16.0
Dodging        | 3 4 6 8 10 | 10.0
Necromancy     | 4 7 9 12 15 17 18 19 22 | 22.5
Fighting       | 2 5 7 10 12 | 12.0
Armour         | 2 5 7 10 12 | 12.0
Earth Magic    | 2 8 9 10 12 17 19 22 27 | 27.0
Evocations     | 5 12 15 | 15.0
Shields        | 9 13 15 18 | 18.0
Transmutations | 6 9 13 17 19 | 19.0
Charms         | 5 6 |  6.0
Ice Magic      | 5 6 |  6.0
Summonings     | 4 10 12 | 12.0
Stealth        | 17 | 17.0
Short Blades   | 12 | 12.7
Axes           | 11 | 11.9
Long Blades    | 12 | 12.1
Translocations | |  0.8

Action                   |  1- 3 |  4- 6 |  7- 9 | 10-12 | 13-15 | 16-18 | 19-21 | 22-24 | 25-27 || total
-------------------------+-------+-------+-------+-------+-------+-------+-------+-------+-------++-------
Melee: Short sword       |    31 |     9 |    74 |       |       |       |       |       |       ||   114
       Halberd           |       |     1 |    92 |    35 |       |       |       |       |       ||   128
       Dagger            |       |       |    60 |   285 |   354 |       |       |       |       ||   699
       Whip              |       |       |    20 |     7 |       |       |       |       |       ||    27
       Scythe            |       |       |    15 |     8 |       |       |       |       |       ||    23
       War axe           |       |       |     4 |       |       |       |       |       |       ||     4
       Mace              |       |       |       |       |   477 |   713 |   351 |       |       ||  1541
       Quarterstaff      |       |       |       |       |       |       |   352 |   274 |       ||   626
       Demon whip        |       |       |       |       |       |       |    14 |    10 |     3 ||    27
       Long sword        |       |       |       |       |       |       |     6 |       |       ||     6
       Staff             |       |       |       |       |       |       |       |    43 |    88 ||   131
       Double sword      |       |       |       |       |       |       |       |       |    92 ||    92
       Lajatang          |       |       |       |       |       |       |       |       |    14 ||    14
 Fire: Shortbow          |       |       |     5 |    76 |    15 |       |       |       |       ||    96
       Hand crossbow     |       |       |       |       |       |       |       |       |     7 ||     7
Throw: Stone             |     9 |       |     9 |       |       |       |       |       |       ||    18
       Dart              |       |       |       |       |     4 |       |       |       |       ||     4
       Throwing net      |       |       |       |       |       |       |       |       |     2 ||     2
 Cast: Magic Dart        |    96 |   134 |   158 |    88 |    97 |       |       |       |       ||   573
       Conjure Flame     |       |     2 |    35 |    43 |    72 |    12 |    24 |     4 |       ||   192
       Mephitic Cloud    |       |     3 |    23 |    65 |    26 |    20 |     5 |    14 |       ||   156
       Dispel Undead     |       |       |     1 |    10 |    19 |    13 |    53 |    24 |   168 ||   288
       Borgnjor's Vile C |       |       |       |    74 |   146 |   257 |   321 |   398 |   499 ||  1695
       Sublimation of Bl |       |       |       |     8 |     7 |    15 |    44 |    13 |       ||    87
       Vampiric Draining |       |       |       |     5 |     4 |     3 |     3 |     3 |       ||    18
       Ozocubu's Armour  |       |       |       |       |       |       |    48 |    18 |    41 ||   107
       Necromutation     |       |       |       |       |       |       |    16 |    57 |   129 ||   202
       Shatter           |       |       |       |       |       |       |       |       |   181 ||   181
       Bolt of Magma     |       |       |       |       |       |       |       |       |    25 ||    25
       Aura of Abjuratio |       |       |       |       |       |       |       |       |     2 ||     2
Invok: Receive Necronomi |       |       |       |     1 |       |       |       |       |       ||     1
       Renounce Religion |       |       |       |     1 |       |       |       |       |       ||     1
       Potion Petition   |       |       |       |       |     7 |     2 |       |     3 |    22 ||    34
       Call Merchant     |       |       |       |       |       |       |       |       |     8 ||     8
 Abil: Dig               |     3 |     3 |    21 |    32 |    30 |    28 |     2 |    16 |    10 ||   145
       End Transformatio |       |       |       |       |       |       |     6 |     4 |     4 ||    14
Evoke: Wand              |       |       |       |       |     7 |     1 |       |       |    22 ||    30
       Staff of energy   |       |       |       |       |       |       |       |   472 |  1645 ||  2117
       Staff of Wucad Mu |       |       |       |       |       |       |       |       |    90 ||    90
       Figurine of a zig |       |       |       |       |       |       |       |       |     1 ||     1
  Use: Scroll            |       |     1 |     5 |     2 |    17 |    10 |     3 |     9 |    35 ||    82
       Potion            |       |       |       |    11 |     4 |     2 |     4 |       |    21 ||    42
 Stab: Sleeping          |       |     1 |       |     1 |     6 |     6 |       |       |     3 ||    17
       Confused          |       |       |     9 |     6 |    18 |    16 |       |       |       ||    49
       Distracted        |       |       |       |       |     7 |    12 |     8 |     5 |     2 ||    34
  Eat: Chunk             |     3 |     8 |    19 |    39 |       |       |       |       |       ||    69
       Ration            |       |       |       |     6 |    16 |    10 |     8 |     4 |     6 ||    50
Armor: Robe              |     4 |       |    17 |    37 |       |       |       |       |       ||    58
       Ring mail         |       |       |       |    14 |       |       |       |       |       ||    14
       Troll leather arm |       |       |       |     5 |   231 |   219 |   277 |   145 |   624 ||  1501
Dodge: Dodged            |    33 |    21 |   134 |   210 |   625 |   694 |   506 |   333 |   880 ||  3436
Block: Other             |       |       |       |    14 |   139 |       |       |       |       ||   153
       Kite shield       |       |       |       |       |   437 |  1153 |   941 |   555 |       ||  3086
       Reflection        |       |       |       |       |     7 |    28 |    33 |    37 |       ||   105
       Tower shield      |       |       |       |       |       |       |       |    91 |  1864 ||  1955
       Rpst.: Double sword |       |       |       |       |       |       |       |       |    17 ||    17
